AoeStats
← 1323nel

Hideout

510150892Analyzed
1v1 RM · 3d ago on Sep 29, 2026· 43m 6s· 2 players
Game mode
Random Map
Map size
Tiny (2 player)
Population
200
Speed
Normal
Resources
Standard
Victory
Conquest
Starting age
Dark Age
Ending age
Imperial Age
RankedLock teamsTeams togetherTeam positionsShared explorationLock speedFull tech treeHidden civsTurbo modeCheats
Victory
Defeat
🇩🇰 Poles · Denmark
674
+18
🇿🇦 Teutons · South Africa
718
-18
BadgerBuccaneer
0:37 Loom
10:22 Feudal Age
10:43 Horse Collar
10:49 Double-Bit Axe
14:58 Wheelbarrow
21:06 Castle Age
24:35 Bow Saw
24:27 Heavy Plow
25:49 Fervor
26:38 Treadmill Crane
27:19 Ballistics
27:05 Stone Mining
28:15 Fortified Wall
28:02 Murder Holes
28:03 Gold Mining
28:50 Stone Shaft Mining
29:55 Thumb Ring
34:59 Imperial Age
35:36 Squires
36:13 Crop Rotation
35:44 Town Watch
36:13 Fletching
37:50 Chemistry
38:05 Hand Cart
38:08 Town Patrol
39:21 Onager
40:36 Forging
40:28 Padded Archer Armor
40:33 Scale Barding Armor
42:03 Conscription
43:20 Lechitic Legacy
43:36 Hoardings
1323nel
12:21 Feudal Age
10:41 Loom
12:12 Loom
14:06 Double-Bit Axe
15:14 Man-at-Arms
15:39 Arson
15:18 Man-at-Arms
17:23 Forging
17:14 Scale Mail Armor
18:29 Wheelbarrow
19:13 Stone Mining
19:17 Gold Mining
19:47 Horse Collar
24:48 Castle Age
26:51 Bow Saw
26:43 Heavy Plow
27:28 Hand Cart
27:35 Long Swordsman
28:01 Gambesons
28:17 Squires
31:31 Imperial Age
33:14 Bloodlines
33:43 Iron Casting
33:14 Scale Barding Armor
33:24 Chain Mail Armor
32:37 Cavalier
33:34 Town Watch
35:45 Chemistry
37:05 Ballistics
36:51 Siege Engineers
36:59 Masonry
38:24 Crenellations
38:25 Conscription
39:17 Arrowslits
39:56 Chain Barding Armor
40:26 Crenellations
40:43 Hoardings
40:58 Crop Rotation
41:32 Two-Man Saw
41:01 Two-Handed Swordsman
Connection lost

Rejoining the realm…

Still unreachable

The connection could not be restored.

Session expired

The server has moved on; the page needs a fresh start.